 Dungeon Crawl Stone Soup version 0.21.1-1-g345015fe64 (webtiles) character file.

6840 Kohma the Jinx (level 10, -4/45 HPs)
             Began as a Spriggan Enchanter on June 10, 2018.
             Was a Follower of Kikubaaqudgha.
             Slain by Hercules1031's ghost (8 damage)
             ... on level 10 of the Dungeon.
             The game lasted 01:12:56 (15887 turns).

Kohma the Jinx (Spriggan Enchanter)                Turns: 15887, Time: 01:12:57

Health: -4/45      AC:  9    Str:  7    XL:     10   Next: 77%
Magic:  22/22      EV: 20    Int: 17    God:    Kikubaaqudgha [*.....]
Gold:   271        SH:  4    Dex: 17    Spells: 8/24 levels left

rFire    . . .     SeeInvis +   a - +3 dagger (venom)
rCold    . . .     Gourm    .   (shield restricted)
rNeg     + . .     Faith    .   g - quicksilver dragon scales
rPois    +         Spirit   .   (helmet restricted)
rElec    .         Reflect  +   S - scarf {repulsion}
rCorr    .         Harm     .   (gloves unavailable)
MR       ++...                  (boots unavailable)
Stlth    ++++......             P - +4 amulet of reflection
HPRegen  0.15/turn              J - ring of poison resistance
MPRegen  0.18/turn              H - ring of positive energy

@: repel missiles, very quick
A: very small, unfitting armour, see invisible, herbivore, speed 3, slow
metabolism 2
a: Receive Corpses, Renounce Religion


You were on level 10 of the Dungeon.
You worshipped Kikubaaqudgha.
Kikubaaqudgha was aware of your devotion.
You were not hungry.

You visited 2 branches of the dungeon, and saw 11 of its levels.
You also visited: Ossuary.

You collected 595 gold pieces.
You spent 324 gold pieces at shops.

Inventory:

Hand Weapons
 a - a +3 dagger of venom (weapon)
 b - a +1 dagger of protection
 p - a +1 short sword of speed
 K - a +0 dagger of electrocution
Missiles
 h - 39 poisoned needles
 l - 5 needles of sleeping
 x - 8 tomahawks (quivered)
Armour
 e - a +0 buckler
 g - quicksilver dragon scales (worn)
 y - a +0 cloak
 D - a +0 cloak
 N - a +2 robe of magic resistance
 S - a scarf of repulsion (worn)
Jewellery
 H - a ring of positive energy (right hand)
 J - a ring of poison resistance (left hand)
 P - a +4 amulet of reflection (around neck)
 T - an uncursed ring of resist corrosion
 U - an uncursed ring of protection from fire {unknown}
Wands
 o - a wand of paralysis (12)
 C - a wand of enslavement (18)
 V - a wand of acid (14)
Scrolls
 i - a scroll of teleportation
 m - 5 scrolls of amnesia
 n - 2 scrolls of remove curse
 r - 2 scrolls of identify
 F - a scroll of enchant weapon
 R - a scroll of enchant armour
 X - a scroll of magic mapping
Potions
 f - a potion of might
 j - 2 potions of lignification
 k - 2 potions of haste
 q - a potion of mutation {unknown}
 s - 5 potions of curing
 t - a potion of ambrosia {unknown}
 w - 4 potions of agility
 E - 3 potions of heal wounds {unknown}
 G - a potion of degeneration {unknown}
 I - a potion of cancellation {unknown}
 L - a potion of flight {unknown}
 O - a potion of brilliance {unknown}
Books
 c - a book of Maledictions

   Spells                             Type                      Level
   a - Corona                         Hexes                        1
   b - Ensorcelled Hibernation        Hexes/Ice                    2
   c - Confuse                        Hexes                        3
   d - Tukima's Dance                 Hexes                        3
   e - Dazzling Spray                 Conjuration/Hexes            3
 u - a book of Geomancy

   Spells                             Type                      Level
   a - Sandblast                      Earth                        1
   b - Passwall                       Transmutation/Earth          2
   c - Stone Arrow                    Conjuration/Earth            3
   d - Petrify                        Transmutation/Earth          4
   e - Lee's Rapid Deconstruction     Earth                        5
 v - Kikubaaqudgha's Volume of Black Secrets
   (Kikubaaqudgha gifted it to you on level 8 of the Dungeon)

   Spells                             Type                      Level
   a - Pain                           Necromancy                   1
   b - Corpse Rot                     Necromancy                   2
   c - Sublimation of Blood           Necromancy                   2
   d - Regeneration                   Charms/Necromancy            3
 W - a book of Debilitation

   Spells                             Type                      Level
   a - Corona                         Hexes                        1
   b - Slow                           Hexes                        2
   c - Inner Flame                    Hexes/Fire                   3
   d - Portal Projectile              Hexes/Translocation          3
   e - Cause Fear                     Hexes                        4
   f - Leda's Liquefaction            Hexes/Earth                  4
Comestibles
 d - 6 rations


   Skills:
 * Level 1.3 Fighting
 - Level 10.0 Short Blades
 + Level 9.7 Dodging
 * Level 9.3 Stealth
 - Level 7.5 Spellcasting
 - Level 10.0 Hexes
 + Level 3.9 Charms
 + Level 3.2 Necromancy


You had 8 spell levels left.
You knew the following spells:

 Your Spells              Type           Power        Failure   Level  Hunger
a - Corona                Hex            #####..      1%          1    None
b - Ensorcelled Hibernat  Hex/Ice        ###...       8%          2    None
c - Confuse               Hex            #####...     1%          3    ##.....
d - Tukima's Dance        Hex            #####...     1%          3    ##.....
e - Cause Fear            Hex            #####.....   6%          4    ####...
f - Regeneration          Chrm/Necr      ###.......   26%         3    ##.....


Dungeon Overview and Level Annotations

Branches:
Dungeon (10/15)            Temple (1/1) D:6
   Lair: D:8-11         Orc: D:9-12

Altars:
Ashenzari
Cheibriados
Dithmenos
Elyvilon
Fedhas
Gozag
Hepliaklqana
Kikubaaqudgha
Makhleb
Nemelex Xobeh
Okawaru
Qazlal
Ru
Sif Muna
Trog
Uskayaw
Vehumet
Wu Jian
Xom
Yredelemnul
Zin
The Shining One

Shops:
D:5 =

Annotations:
D:10 Hercules1031's ghost, novice DDFi


Innate Abilities, Weirdness & Mutations

You are very small and have problems with some larger weapons.
You are too small for most types of armour.
You have supernaturally acute eyesight. (SInv)
You are a herbivore.
You cover ground extremely quickly.
You need consume almost no food.


Message History

You climb upwards.
There is a stone staircase leading down here.
You start resting.
HP restored.
You climb downwards.
Level annotation: Hercules1031's ghost, novice DDFi Hercules1031's ghost hits you!!
There is a stone staircase leading up, spattered with blood here.
You hit Hercules1031's ghost but do no damage.
Hercules1031's ghost hits you.
You closely miss Hercules1031's ghost.
You hit Hercules1031's ghost but do no damage.
Hercules1031's ghost completely misses you.
You hit Hercules1031's ghost but do no damage.
You hit Hercules1031's ghost but do no damage.
Hercules1031's ghost hits you!
* * * LOW HITPOINT WARNING * * *
Hercules1031's ghost hits you!
You die...
Kikubaaqudgha rasps: "You have failed me!
Welcome... death!"

#.....# +.....+......#
#.....#..(...#
##...#.#......#
#....#........#
#....#........#
#....#........#
#.<..#........+
#....#.@......#
#....#.W......#
#....#........#
#######........#######
#....................#
#....................#
#....................#
#....................#
#....................#


You could see Hercules1031's ghost.

Vanquished Creatures
  2 two-headed ogres
  A hornet (D:7)
  A hippogriff (D:9)
  The ghost of Ivernyr the Skirmisher, an amateur VSMo (D:4)
  A hungry ghost (D:7)
  5 yaks (D:8)
  Edmund (D:5)
  Menkaure (D:4)
  A water moccasin (D:7)
  Duvessa (D:4)
  A hornet zombie (D:9)
  3 ice beasts
  A phantom (D:9)
  2 necrophages (D:8)
  3 ogres
  2 black bears (D:6)
  2 centaurs
  A big kobold (D:9)
  5 bullfrogs
  The ghost of fellowfoe the Shooter, an amateur SpHu (D:3)
  Dowan (D:4)
  12 scorpions
  3 howler monkeys
  2 vampire bats (D:6)
  3 crimson imps
  A human zombie (Ossuary)
  A bullfrog zombie (D:5)
  A bullfrog skeleton (D:4)
  An orc priest (D:3)
  A jelly (D:5)
  2 hounds
  3 centaur zombies
  A gnoll shaman (D:9)
  7 orc wizards
  3 iguanas
  3 worker ants
  A big kobold zombie (Ossuary)
  A hound zombie (D:10)
  A hound skeleton (D:4)
  3 mummies (Ossuary)
  3 scorpion zombies (Ossuary)
  8 gnolls
  2 howler monkey skeletons
  18 adders
  A shadow imp (D:6)
  2 worms
  A dart slug (D:1)
  7 leopard geckos
  22 orcs
  5 bats
  3 bat skeletons (D:6)
  2 bat zombies (D:6)
  8 giant cockroaches
  3 gnoll zombies (Ossuary)
  10 hobgoblins
  10 jackals
  3 quokkas
  8 frilled lizards
  7 goblins
  A goblin zombie (Ossuary)
  10 kobolds
  A kobold zombie (Ossuary)
  2 orc zombies (Ossuary)
  9 rats
233 creatures vanquished.

Vanquished Creatures (others)
  A scorpion (Ossuary)
1 creature vanquished.

Grand Total: 234 creatures vanquished

Notes
Turn   | Place    | Note
-------+----------+-------------------------------------------
     0 | D:1      | Kohma the Spriggan Enchanter began the quest for the Orb.
     0 | D:1      | Reached XP level 1. HP: 9/9 MP: 5/5
   875 | D:1      | Reached XP level 2. HP: 4/13 MP: 3/6
  1569 | D:1      | Learned a level 2 spell: Ensorcelled Hibernation
  1995 | D:1      | Reached XP level 3. HP: 15/16 MP: 8/8
  2000 | D:1      | Learned a level 3 spell: Confuse
  3014 | D:1      | Reached XP level 4. HP: 6/21 MP: 4/9
  3783 | D:2      | Reached skill level 5 in Hexes
  3929 | D:3      | Found a radiant altar of Vehumet.
  3944 | D:3      | Found a basalt altar of Yredelemnul.
  3950 | D:3      | Noticed fellowfoe's ghost (amateur SpHu)
  3976 | D:3      | Reached XP level 5. HP: 24/24 MP: 5/11
  4061 | D:3      | Killed fellowfoe's ghost
  4637 | D:3      | Reached XP level 6. HP: 15/28 MP: 1/13
  4963 | D:3      | Found a shimmering altar of Xom.
  5137 | D:3      | Learned a level 3 spell: Tukima's Dance
  5753 | D:5      | Entered Level 5 of the Dungeon
  5836 | D:5      | Reached skill level 5 in Dodging
  5946 | D:5      | Reached XP level 7. HP: 32/32 MP: 6/14
  6036 | D:5      | Found a sand-covered staircase.
  6044 | Ossuary  | Entered an ossuary
  6162 | Ossuary  | Reached skill level 5 in Short Blades
  6653 | Ossuary  | Reached skill level 5 in Spellcasting
  7098 | Ossuary  | Reached XP level 8. HP: 36/36 MP: 16/16
  8163 | D:5      | Found Ogyd's Jewellery Shoppe.
  8268 | D:5      | Noticed Edmund
  8280 | D:5      | Killed Edmund
  8363 | D:5      | Found a burning altar of Makhleb.
  8436 | D:4      | Noticed Ivernyr's ghost (amateur VSMo)
  8497 | D:4      | Killed Ivernyr's ghost
  8613 | D:4      | Noticed Menkaure
  8620 | D:4      | Killed Menkaure
  8864 | D:4      | Found an iron altar of Okawaru.
  8964 | D:4      | Noticed Duvessa
  8964 | D:4      | Noticed Dowan
  8969 | D:4      | Killed Duvessa
  8969 | D:4      | Reached XP level 9. HP: 39/39 MP: 14/19
  9030 | D:4      | Killed Dowan
  9816 | D:6      | Found a staircase to the Ecumenical Temple.
 10064 | Temple   | Entered the Ecumenical Temple
 10130 | D:6      | Found a bloodstained altar of Trog.
 10295 | D:6      | Found an ancient bone altar of Kikubaaqudgha.
 10316 | D:6      | Became a worshipper of Kikubaaqudgha
 10383 | D:6      | Found a deep blue altar of Sif Muna.
 10708 | D:6      | Found a hazy altar of Hepliaklqana.
 11178 | D:7      | Found a glowing silver altar of Zin.
 12133 | D:7      | Reached skill level 10 in Hexes
 12299 | D:7      | Reached skill level 5 in Stealth
 12306 | D:7      | Found a snail-covered altar of Cheibriados.
 12407 | D:7      | Learned a level 4 spell: Cause Fear
 12741 | D:8      | Noticed a two-headed ogre
 12752 | D:8      | Killed a two-headed ogre
 12752 | D:8      | Reached skill level 1 in Necromancy
 12752 | D:8      | Reached XP level 10. HP: 44/44 MP: 18/22
 12887 | D:8      | Reached * piety under Kikubaaqudgha
 12887 | D:8      | Identified Kikubaaqudgha's Volume of Black Secrets (Kikubaaqudgha gifted it to you on level 8 of the Dungeon)
 12887 | D:8      | Received a gift from Kikubaaqudgha
 12907 | D:8      | Learned a level 3 spell: Regeneration
 13037 | D:8      | Found a shattered altar of Ashenzari.
 13231 | D:8      | Reached skill level 1 in Charms
 13767 | D:5      | Bought a +4 amulet of reflection for 324 gold pieces
 14042 | D:9      | Noticed a two-headed ogre
 14279 | D:9      | Killed a two-headed ogre
 14483 | D:9      | Found a sparkling altar of Nemelex Xobeh.
 14541 | D:9      | Reached skill level 10 in Short Blades
 14597 | D:10     | Entered Level 10 of the Dungeon
 14751 | D:9      | Found a bloodstained altar of Trog.
 15042 | D:9      | Reached skill level 1 in Fighting
 15534 | D:10     | Noticed Hercules1031's ghost (novice DDFi)
 15887 | D:10     | Slain by Hercules1031's ghost

Skill      XL: |  1  2  3  4  5  6  7  8  9 10 |
---------------+-------------------------------+-----
Hexes          | 4 5 6 7 9 10 | 10.0
Spellcasting   | 3 4 5 6 7 |  7.5
Short Blades   | 2 3 4 5 7 9 10 | 10.0
Dodging        | 4 5 6 7 8 9 |  9.7
Stealth        | 6 9 |  9.3
Necromancy     | 1 3 |  3.2
Charms         | 3 |  3.9
Fighting       | 1 |  1.3

Action                   |  1- 3 |  4- 6 |  7- 9 | 10-12 || total
-------------------------+-------+-------+-------+-------++-------
Melee: Dagger            |   101 |   159 |   392 |   272 ||   924
Throw: Stone             |       |     3 |     3 |       ||     6
       Tomahawk          |       |     1 |    13 |     1 ||    15
 Cast: Corona            |    24 |    37 |    42 |     5 ||   108
       Ensorcelled Hiber |    14 |    24 |    42 |    21 ||   101
       Confuse           |       |     4 |    25 |    16 ||    45
       Tukima's Dance    |       |       |       |     1 ||     1
  Use: Scroll            |     8 |     5 |     7 |     2 ||    22
       Potion            |       |       |     1 |       ||     1
 Stab: Sleeping          |    10 |    20 |    20 |     9 ||    59
       Confused          |       |     4 |    11 |     1 ||    16
       Distracted        |       |       |       |     2 ||     2
  Eat: Ration            |       |     3 |     4 |     2 ||     9
Armor: Robe              |    12 |       |       |       ||    12
       Quicksilver drago |       |    54 |    88 |    26 ||   168
Dodge: Dodged            |   105 |   125 |   279 |   150 ||   659
Block: Other             |       |       |       |    14 ||    14
